 Dungeon Crawl Stone Soup version 0.30.1-11-g7821555f0a (webtiles) character file.

Game seed: 6965803493259002483

11165 Condegh the Grappler (level 11, 0/111 HPs)
             Began as a Troll Monk on Dec 27, 2023.
             Was an Elder of Wu Jian.
             Killed from afar by an electric eel (11 damage)
             ... with a bolt of electricity
             ... on level 9 of the Dungeon.
             The game lasted 00:40:39 (7161 turns).

Condegh the Grappler (Troll Monk)                   Turns: 7161, Time: 00:40:40

Health: 0/111      AC:  8    Str: 21    XL:     11   Next: 45%
Magic:  10/10      EV: 12    Int: 10    God:    Wu Jian [****..]
Gold:   638        SH:  0    Dex: 12    Spells: 8/10 levels left

rFire   + .          .
                       - Unarmed
rCold   . . .        c - orb {light}
rNeg    . . .        L - +2 robe {rF+}
rPois   .            (helmet restricted)
rElec   .            F - +1 cloak
rCorr   .            (gloves unavailable)
SInv    +            (boots unavailable)
Will    .....        H - amulet of regeneration
Stlth   +            v - ring of see invisible
HPRegen 1.98/turn    M - +4 ring of slaying
MPRegen 0.12/turn

%: no passive effects
@: glowing
A: large, unfitting armour, claws 3, regeneration 1, shaggy fur 1, tough skin 1
a: Renounce Religion, Wall Jump, Serpent's Lash


You were on level 9 of the Dungeon.
You worshipped Wu Jian.
Wu Jian was greatly pleased with you.
You visited 2 branches of the dungeon, and saw 10 of its levels.

You collected 638 gold pieces.

Inventory:

Hand Weapons
 j - the +6 mace of Exceptional Conscience {protect, rF+ rN+ Stlth+}
   (You found it on level 2 of the Dungeon)

   rF:        It protects you from fire.
   rN:        It protects you from negative energy.
   Stlth:     It makes you more stealthy.
Missiles
 E - 5 throwing nets (quivered)
Armour
 a - a +0 robe
 c - an orb of light (worn)
 F - a +1 cloak (worn)
 L - a +2 robe of fire resistance (worn)
Jewellery
 v - a ring of see invisible (left claw)
 B - a ring of ice
 H - an amulet of regeneration (around neck)
 M - a +4 ring of slaying (right claw)
Wands
 m - a wand of flame (42)
 o - a wand of paralysis (15)
 y - a wand of digging (1)
 D - a wand of quicksilver (4)
 J - a wand of roots (13)
Scrolls
 f - a scroll of teleportation
 g - 2 scrolls of vulnerability {unknown}
 i - a scroll of amnesia {unknown}
 l - 2 scrolls of enchant armour
 n - a scroll of magic mapping {unknown}
 p - a scroll of noise {unknown}
 z - a scroll of immolation {unknown}
 C - a scroll of silence {unknown}
 G - 2 scrolls of poison {unknown}
 K - a scroll of fear {unknown}
 N - a scroll of blinking {unknown}
 O - a scroll of fog {unknown}
 P - a scroll of torment {unknown}
Potions
 b - 2 potions of ambrosia
 d - 3 potions of heal wounds
 e - 3 potions of curing {unknown}
 h - 2 potions of resistance {unknown}
 k - 3 potions of haste {unknown}
 q - a potion of lignification
 r - 2 potions of flight
 s - 3 potions of mutation
 t - a potion of invisibility
 u - a potion of might
 w - 3 potions of brilliance
 x - 2 potions of magic
 A - a potion of cancellation
Miscellaneous
 I - a phantom mirror


   Skills:
 + Level 8.1 Fighting
 + Level 8.1 Dodging
 * Level 13.3 Unarmed Combat


You had 8 spell levels left.
You knew the following spells:

 Your Spells              Type           Power      Damage    Failure   Level
a - Blink                 Tloc           0%         N/A       50%         2

Your spell library contained the following spells:

 Spells                   Type           Power      Damage    Failure   Level
 Necrotise                Necr           0%         1d4       36%         1
 Shock                    Conj/Air       0%         1d3       36%         1
 Lesser Beckoning         Tloc           0%         N/A       50%         2
 Momentum Strike          Conj/Tloc      0%         3d8       50%         2
 Stone Arrow              Conj/Erth      0%         3d7       75%         3
 Swiftness                Air            0%         N/A       75%         3
 Volatile Blastmotes      Fire/Tloc      0%         2d10      75%         3
 Airstrike                Air            0%         2d(0-16)  98%         4
 Anguish                  Hex/Necr       0%         N/A       98%         4
 Animate Armour           Summ/Erth      0%         N/A       98%         4
 Cause Fear               Hex            0%         N/A       98%         4
 Fulminant Prism          Conj/Hex       0%         3d5       98%         4
 Iskenderun's Mystic Bla  Conj/Tloc      0%         2d3       98%         4
 Lee's Rapid Deconstruct  Erth           0%         3d4*      100%        5
 Enfeeble                 Hex            0%         N/A       100%        7
 Lehudib's Crystal Spear  Conj/Erth      0%         10d2      100%        8


Dungeon Overview and Level Annotations

Branches:
Dungeon (9/15)             Temple (1/1) D:6
   Lair: D:8-11         Orc: D:9-12

Altars:
Ashenzari
Cheibriados
Dithmenos
Elyvilon
Fedhas
Gozag
Hepliaklqana
Kikubaaqudgha
Makhleb
Nemelex Xobeh
Okawaru
Qazlal
Ru
Sif Muna
Trog
Uskayaw
Vehumet
Wu Jian
Xom
Yredelemnul
Zin
The Shining One

Annotations:
D:6 2 transporters, Plommelars's ghost, novice MiFi
D:7 2 transporters, ripuliukko's ghost, novice GrEE


Innate Abilities, Weirdness & Mutations

You are too large for most types of armour.
You have claws for hands.
Your natural rate of healing is unusually fast.
You are covered in fur. (AC +1)
You have tough skin. (AC +1)


Message History

You scratch the electric eel.
The electric eel is lightly wounded.
You closely miss the electric eel.
The electric eel is lightly wounded.
The electric eel shoots out a bolt of lightning at you!
The bolt of electricity hits you!
The electric eel shoots out a bolt of lightning at you!
The bolt of electricity hits the electric eel.
The electric eel completely resists.
The bolt of electricity hits you!
You scratch the electric eel.
The electric eel is moderately wounded.
The wolf bites you.
The electric eel shoots out a bolt of lightning at you!
The bolt of electricity misses you.
The electric eel shoots out a bolt of lightning at you!
The bolt of electricity hits the electric eel.
The electric eel completely resists.
The bolt of electricity hits you!
The electric eel shoots out a bolt of lightning at you!
The bolt of electricity hits you.
You spin and attack the wolf.
You mangle the wolf!!
You kill the wolf!
The Council accepts your kill.
The electric eel shoots out a bolt of lightning at you!
The bolt of electricity hits you! x2
* * * LOW HITPOINT WARNING * * *
The electric eel shoots out a bolt of lightning at you!
The bolt of electricity hits you!
* * * LOW HITPOINT WARNING * * *
The electric eel shoots out a bolt of lightning at you!
The bolt of electricity misses you.
The electric eel shoots out a bolt of lightning at you!
The bolt of electricity hits the electric eel.
The electric eel completely resists.
The bolt of electricity hits you!
* * * LOW HITPOINT WARNING * * *
The electric eel shoots out a bolt of lightning at you!
The bolt of electricity hits you.
* * * LOW HITPOINT WARNING * * *
The electric eel shoots out a bolt of lightning at you!
The bolt of electricity hits you!
You die...

#.. #..###..##.. .. #..
#....(......
..##..##...........
≈~~.................
≈≈~.~..~.#....#
≈≈~~.~...#.##.#
≈≈≈~≈~...#)##.#
≈~~≈S~~..'.##.#
~.~≈≈~.....@†!##############
.~≈≈~.....####..............
..~~~~....# #...##...#....#
.~≈≈.~S†..# #...##........#
..≈≈~.....# #..............
≈≈≈≈≈≈~...# ###########....
~~≈≈S.....# #.#..
~~..~.....# #....
.~...~....# #....


You could see 3 electric eels.

Vanquished Creatures
  Harold (D:9)
  3 two-headed ogres
  Amaemon (D:9)
  Pikel (D:7)
  An ugly thing (D:7)
  A cyclops (D:7)
  2 trolls
  Grinder (D:3)
  A hornet (D:8)
  Sigmund (D:2)
  The ghost of ciphuk the Cutter, an amateur KoBr (D:5)
  A shadow (D:7)
  A wraith (D:9)
  8 yaks (D:9)
  An acid dragon (D:9)
  5 orc warriors
  3 ice beasts
  An ogre (D:6)
  3 sky beasts (D:7)
  4 wolves (D:9)
  2 centaurs (D:9)
  A phantom (D:6)
  4 bullfrogs
  2 scorpions
  3 gnoll sergeants
  4 wights (D:8)
  5 killer bees (D:6)
  6 howler monkeys
  2 quasits (D:7)
  6 hounds
  A jelly (D:5)
  3 orc priests
  5 iguanas
  18 orc wizards
  2 sleepcaps (D:6)
  Natasha (thrice) (D:2)
  Ijyb (D:3)
  15 gnolls
  7 adders
  9 shadow imps
  4 white imps (D:7)
  An ufetubus (D:7)
  A worm (D:1)
  4 dart slugs
  37 orcs
  5 ball pythons
  3 bats
  8 endoplasms
  10 giant cockroaches
  9 goblins
  7 hobgoblins
  13 jackals
  3 quokkas
  4 frilled lizards
  6 kobolds
  4 rats (D:1)
259 creatures vanquished.

Notes
Turn   | Place    | Note
-------+----------+-------------------------------------------
     0 | D:1      | Condegh the Troll Monk began the quest for the Orb.
     0 | D:1      | Reached XP level 1. HP: 22/22 MP: 0/0
     1 | D:1      | Found a runed translucent door.
    35 | D:1      | Reached XP level 2. HP: 29/29 MP: 1/1
   134 | D:1      | Reached XP level 3. HP: 36/36 MP: 2/2
   859 | D:2      | Noticed Natasha
   869 | D:2      | Killed Natasha
   870 | D:2      | Reached skill level 4 in Unarmed Combat
   870 | D:2      | Reached XP level 4. HP: 31/44 MP: 3/3
   876 | D:2      | Found a faded altar of an unknown god.
   877 | D:2      | Identified the +6 mace of Exceptional Conscience {protect,
                  | rF+ rN+ Stlth+}
   908 | D:2      | Noticed Natasha
   916 | D:2      | Killed Natasha
   929 | D:2      | Noticed Natasha
   937 | D:2      | Killed Natasha
  1034 | D:2      | Noticed Sigmund
  1040 | D:2      | Reached XP level 5. HP: 46/53 MP: 4/4
  1052 | D:2      | Killed Sigmund
  1053 | D:2      | Reached skill level 5 in Unarmed Combat
  1053 | D:2      | Reached XP level 6. HP: 27/61 MP: 5/5
  1298 | D:3      | Noticed Grinder
  1302 | D:3      | Noticed Ijyb
  1303 | D:3      | Paralysed by Grinder for 3 turns
  1309 | D:3      | Paralysed by Ijyb for 3 turns
  1315 | D:3      | Killed Ijyb
  1325 | D:3      | Killed Grinder
  1326 | D:3      | Reached skill level 6 in Unarmed Combat
  1326 | D:3      | Reached XP level 7. HP: 17/68 MP: 6/6
  2140 | D:4      | Found a sacrificial altar of Ru.
  2141 | D:4      | Found an iron altar of Okawaru.
  2277 | D:4      | Found a glowing silver altar of Zin.
  2442 | D:4      | Found an opulent altar of Gozag.
  2541 | D:4      | Found a broken altar of Ashenzari.
  2828 | D:4      | Found a bloodstained altar of Trog.
  2864 | D:5      | Entered Level 5 of the Dungeon
  3135 | D:5      | Reached skill level 7 in Unarmed Combat
  3199 | D:5      | Reached XP level 8. HP: 51/79 MP: 7/7
  3536 | D:5      | Found a large runed translucent door.
  3537 | D:5      | Found a large runed translucent door.
  3539 | D:5      | Noticed ciphuk's ghost (amateur KoBr)
  3550 | D:5      | Killed ciphuk's ghost
  3578 | D:5      | Found an ancient bone altar of Kikubaaqudgha.
  3597 | D:5      | Got Kikubaaqudgha's Compendium of Resurrection
  3602 | D:5      | Found a shimmering blue altar of Sif Muna.
  3610 | D:5      | Found a radiant altar of Vehumet.
  3643 | D:5      | Reached skill level 8 in Unarmed Combat
  4052 | D:6      | Reached skill level 5 in Fighting
  4052 | D:6      | Reached skill level 5 in Dodging
  4250 | D:6      | Found a hide-covered altar of Uskayaw.
  4323 | D:6      | Noticed Plommelars's ghost (novice MiFi)
  4332 | D:6      | Found a transporter.
  4349 | D:6      | Found a glowing golden altar of the Shining One.
  4363 | D:6      | Found a staircase to the Ecumenical Temple.
  4368 | D:6      | Reached XP level 9. HP: 71/88 MP: 8/8
  4387 | D:6      | Learned a level 2 spell: Blink
  4388 | Temple   | Entered the Ecumenical Temple
  4388 | Temple   | Found a transporter.
  4388 | Temple   | Found a transporter.
  4390 | Temple   | Found a transporter.
  4390 | Temple   | Found a transporter.
  4408 | Temple   | Became a worshipper of the Wu Jian Council
  4408 | Temple   | Reached * piety under Wu Jian
  4408 | Temple   | Reached ** piety under Wu Jian
  4459 | D:6      | Found a transporter.
  4556 | D:6      | Reached skill level 9 in Unarmed Combat
  4999 | D:7      | Noticed Pikel
  5008 | D:7      | Killed Pikel
  5184 | D:7      | Reached skill level 10 in Unarmed Combat
  5186 | D:7      | Found a transporter.
  5190 | D:7      | Noticed a two-headed ogre
  5191 | D:7      | Found a bloodstained altar of Trog.
  5198 | D:7      | Noticed a moth of wrath
  5472 | D:7      | Noticed a troll
  5473 | D:7      | Noticed a purple ugly thing
  5474 | D:7      | Noticed a cyclops
  5474 | D:7      | Noticed a two-headed ogre
  5491 | D:7      | Killed a purple ugly thing
  5491 | D:7      | Reached *** piety under Wu Jian
  5492 | D:7      | Reached XP level 10. HP: 50/100 MP: 9/9
  5494 | D:7      | Killed a cyclops
  5495 | D:7      | Reached skill level 11 in Unarmed Combat
  5498 | D:7      | HP: 3/100 [troll (13)]
  5629 | D:7      | Noticed ripuliukko's ghost (novice GrEE)
  5685 | D:7      | Found a transporter.
  5727 | D:7      | Killed a two-headed ogre
  5897 | D:7      | Identified the +6 plate armour of Leapfrog {Rampage +Inv}
  5899 | D:7      | Identified the +0 plate armour of Dowdy Creativity {rF+ rN+
                  | rCorr Dex-3}
  6032 | D:8      | Found a burning altar of Makhleb.
  6100 | D:8      | Noticed a two-headed ogre
  6111 | D:8      | Killed a two-headed ogre
  6205 | D:8      | Reached skill level 12 in Unarmed Combat
  6534 | D:8      | Found a stormy altar of Qazlal.
  6536 | D:8      | Found a sparkling altar of Nemelex Xobeh.
  6544 | D:8      | Found a hazy altar of Hepliaklqana.
  6575 | D:9      | Noticed Harold
  6587 | D:9      | Reached **** piety under Wu Jian
  6590 | D:9      | Killed Harold
  6597 | D:9      | Noticed a two-headed ogre
  6600 | D:9      | Killed a two-headed ogre
  6601 | D:9      | Reached XP level 11. HP: 99/109 MP: 10/10
  6698 | D:9      | Noticed Amaemon
  6727 | D:9      | Killed Amaemon
  6738 | D:9      | Noticed a white ugly thing
  6940 | D:9      | Reached skill level 13 in Unarmed Combat
  7161 | D:9      | Killed from afar by an electric eel

Illustrated notes

Levels and vault maps discovered:
D:1:      dpeg_arrival_caged_fury, layout_loops_ring
D:2:      layout_rooms, shapermc_ecumenical_altar_mp_urbaneastern,
          minmay_misc_feat_diagonals, uniq_natasha, uniq_sigmund
D:3:      layout_loops_cross, nrook_campfire, uniq_grinder, uniq_ijyb
D:4:      layout_basic, pdpol_temple_overflow_zin_treasury_gozag_greed,
          lemuel_crystal_altar, mainiacjoe_overflow_divided_tiny, trog_book
D:5:      layout_layer_cave, palyth_temple_overflow_mages,
          ebering_ghost_disaster_area, corner_web_ring
D:6:      layout_basic, mainiacjoe_overflow_alcove_2, nicolae_uskayaw_suspiria,
          minmay_temple_entry_offerings, gammafunk_ghost_arena
D:7:      minmay_the_grid_triangle_9x9_rhombus_thin
          [minmay_the_grid_triangle_9x9_pentomino_pain,
          minmay_the_grid_triangle_9x9_prize_insulated,
          minmay_the_grid_triangle_9x9_empty,
          minmay_the_grid_triangle_9x9_dagger], layout_basic, serial_demonic,
          serial_demonic_e, serial_demonic_c, serial_demonic_f,
          serial_demonic_e, serial_demonic_d, serial_demonic_g,
          gammafunk_ghost_wrathful_warriors, uniq_pikel
D:8:      layout_rooms, bloody_makhleb, minitemple, st_stairs_14
D:9:      kennysheep_ambush_hall, layout_stronghold, erik_lair_island,
          uniq_amaemon, uniq_harold
Temple:   hellmonk_temple_divided_pantheon

Skill      XL: |  1  2  3  4  5  6  7  8  9 10 11 |
---------------+----------------------------------+-----
Unarmed Combat | 4 5 6 7 8 10 12 13 | 13.3
Fighting       | 3 4 5 6 7 8 |  8.1
Dodging        | 3 4 5 6 7 8 |  8.1

Action                     |  1- 3 |  4- 6 |  7- 9 | 10-12 || total
---------------------------+-------+-------+-------+-------++-------
  Melee: Unarmed           |    81 |    37 |   305 |   183 ||   606
Ability: Lunge             |       |       |    28 |    38 ||    66
         Whirlwind         |       |       |     2 |    23 ||    25
    Use: Scroll            |       |       |     9 |     6 ||    15
         Potion            |       |       |       |     2 ||     2
 Armour: Robe              |    16 |    10 |    24 |    31 ||    81
  Dodge: Dodged            |    21 |    17 |    93 |    96 ||   227
